AoeStats
← mandalvarado

Arabia

510192845Analyzed
3v3 RM · 3d ago on Sep 29, 2026· 25m 25s· 6 players
Game mode
Random Map
Map size
Normal (6 player)
Population
200
Speed
Normal
Resources
Standard
Victory
Conquest
Starting age
Dark Age
Ending age
Imperial Age
RankedLock teamsTeams togetherTeam positionsShared explorationLock speedFull tech treeHidden civsTurbo modeCheats
Victory
Defeat
🇹🇷 Spanish · Türkiye
928
+13
🇳🇴 Vikings · Norway
845
+16
🇨🇷 Aztecs · Costa Rica
838
+17
🇨🇦 Khmer · Canada
953
-19
🇨🇴 Saxons · Colombia
819
-14
🇨🇴 Celts · Colombia
796
-13
GenghisKhan't
1:47 Loom
2:29 Loom
12:59 Feudal Age
13:27 Double-Bit Axe
17:00 Stone Mining
17:03 Gold Mining
17:51 Wheelbarrow
20:22 Horse Collar
21:38 Scale Barding Armor
22:30 Forging
27:16 Castle Age
radiotiempo.todoeltiempo
2:10 Loom
9:21 Feudal Age
9:54 Double-Bit Axe
12:34 Horse Collar
19:21 Castle Age
18:18 Fletching
18:29 Padded Archer Armor
19:27 Crossbowman
20:45 Bodkin Arrow
Nipersx
5:21 Loom
11:02 Feudal Age
14:46 Wheelbarrow
14:20 Double-Bit Axe
16:27 Fletching
22:44 Castle Age
21:53 Padded Archer Armor
22:45 Town Watch
23:19 Bodkin Arrow
23:05 Crossbowman
24:07 Hand Cart
25:12 Leather Archer Armor
Lænsmannj
4:22 Loom
11:53 Feudal Age
12:30 Double-Bit Axe
14:50 Horse Collar
20:08 Castle Age
18:41 Fletching
25:27 Bow Saw
TidierCast1585
1:19 Loom
11:02 Feudal Age
15:42 Castle Age
14:33 Horse Collar
mandalvarado
2:11 Loom
11:09 Feudal Age
12:11 Double-Bit Axe
22:37 Castle Age
21:37 Forging
21:32 Gold Mining
22:09 Horse Collar
22:21 Stone Mining
22:44 Eagle Warrior
Connection lost

Rejoining the realm…

Still unreachable

The connection could not be restored.

Session expired

The server has moved on; the page needs a fresh start.